 Dungeon Crawl Stone Soup version 0.22-a0-254-gaf95ca0 (webtiles) character file.

110 RoseArtemis the Covered (level 4, 0/41 HPs)
             Began as a Minotaur Fighter on Mar 4, 2018.
             Was an Initiate of Makhleb.
             Slain by an ice beast (10 damage)
             ... on level 3 of the Dungeon.
             The game lasted 00:04:33 (2215 turns).

RoseArtemis the Covered (Minotaur Fighter)          Turns: 2215, Time: 00:04:34

Health: 0/41       AC:  8    Str: 21    XL:     4   Next: 61%
Magic:  3/3        EV:  7    Int:  5    God:    Makhleb [......]
Gold:   92         SH: 10    Dex: 10    Spells: 3/3 levels left

rFire    . . .     SeeInvis .   a - +0 flail
rCold    . . .     Gourm    .   c - +1 shield
rNeg     . . .     Faith    .   b - +0 scale mail
rPois    .         Spirit   .   (helmet restricted)
rElec    .         Reflect  .   (no cloak)
rCorr    .         Harm     .   (no gloves)
MR       .....                  q - +0 pair of boots
Stlth    ..........             (no amulet)
HPRegen  0.13/turn              (no ring)
MPRegen  0.08/turn              (no ring)

@: drained
A: retaliatory headbutt, horns 2
a: Renounce Religion


You were on level 3 of the Dungeon.
You worshipped Makhleb.
Makhleb was noncommittal.
You were not hungry.

You visited 1 branch of the dungeon, and saw 3 of its levels.

You collected 92 gold pieces.

Inventory:

Hand Weapons
 a - a +0 flail (weapon)
 p - a +2 dagger of venom
 r - a +0 whip of draining
Armour
 b - a +0 scale mail (worn)
 c - a +1 shield (worn)
 q - a +0 pair of boots (worn)
Jewellery
 e - an uncursed ring of resist corrosion {unknown}
Scrolls
 h - 3 scrolls of magic mapping
 i - a scroll of noise {unknown}
 k - a scroll of enchant armour
 m - a scroll of amnesia {unknown}
 o - a scroll of enchant weapon {unknown}
Potions
 d - 2 potions of might
 j - 3 potions of mutation {unknown}
 l - a potion of flight {unknown}
 n - a potion of ambrosia {unknown}
Comestibles
 f - 5 rations
 g - a chunk of flesh


   Skills:
 + Level 4.4(3.8) Fighting
 * Level 4.5(3.9) Maces & Flails
 + Level 4.5(3.9) Armour
 - Level 3.6(3.0) Shields


You had 3 spell levels left.
You didn't know any spells.

Dungeon Overview and Level Annotations

Branches:
Dungeon (3/15)

Altars:
Cheibriados
Elyvilon
Kikubaaqudgha
Makhleb
Ru
Wu Jian


Innate Abilities, Weirdness & Mutations

You reflexively headbutt those who attack you in melee.
You have a pair of horns on your head.


Message History

The ice beast is moderately wounded.
The ice beast barely misses you.
You closely miss the ice beast.
The ice beast is moderately wounded.
The ice beast hits you but does no damage.
You hit the ice beast.
The ice beast is heavily wounded.
You block the ice beast's attack. The ice beast barely misses you.
You hit the ice beast but do no damage. Your headbutt misses the ice beast.
The ice beast is heavily wounded.
The ice beast hits you. The ice beast freezes you!
You sock the ice beast! Your headbutt misses the ice beast.
The ice beast is severely wounded.
The ice beast hits you but does no damage.
You barely miss the ice beast.
The ice beast is severely wounded.
The ice beast hits you.
* * * LOW HITPOINT WARNING * * *
The ice beast freezes you!
You die...

#####.## #.##.########## #
......###.#...........#
........##.##.########.#
#.##........#.# #.#
.#.#...........# #.#
...............# #####.#
.#........#### #.....#
##<....#Y# #.###.## #.
##...##@# #.##...# #.
#.####'## #.#....# #..
...###...## #......#
#.########.....## ###.####
#..## ##.......## ##.##
#####...####.........####...##
...........'.........+.......#
####...####.........####...##
#.(## ##.......## ##...#


You could see an ice beast.

Vanquished Creatures
  4 adders
  3 worms (D:2)
  3 dart slugs
  3 leopard geckos (D:2)
  A ball python (D:2)
  9 bats
  4 giant cockroaches
  7 goblins
  8 hobgoblins
  3 kobolds
  6 frilled lizards
  5 rats
56 creatures vanquished.

Notes
Turn   | Place    | Note
-------+----------+-------------------------------------------
     0 | D:1      | RoseArtemis the Minotaur Fighter began the quest for the Orb.
     0 | D:1      | Reached XP level 1. HP: 19/19 MP: 0/0
   102 | D:1      | Reached XP level 2. HP: 24/27 MP: 1/1
   162 | D:1      | You fall through a shaft!
   295 | D:2      | Reached XP level 3. HP: 33/33 MP: 2/2
  1140 | D:2      | Found a white marble altar of Elyvilon.
  1193 | D:2      | Reached XP level 4. HP: 39/40 MP: 3/3
  1872 | D:2      | Found a snail-covered altar of Cheibriados.
  1872 | D:2      | Found an ornate altar of the Wu Jian Council.
  1878 | D:2      | Found a burning altar of Makhleb.
  1881 | D:2      | Found an ancient bone altar of Kikubaaqudgha.
  1882 | D:2      | Found a sacrificial altar of Ru.
  1888 | D:2      | Became a worshipper of Makhleb the Destroyer
  2193 | D:3      | Noticed an ice beast
  2215 | D:3      | Slain by an ice beast

Vault maps used:
D:1:      lightli_arrival_noodles
D:2:      chequers_temple_overflow_minitemple, elyvilon_altar_5
D:3:      dancing_weapons_uskayaw

Skill      XL: |  1  2  3 |
---------------+----------+-----
Maces & Flails | 3 4 |  4.5
Fighting       | 4 |  4.4
Armour         | 4 |  4.5
Shields        | |  3.6

Action                   |  1- 3 |  4- 6 || total
-------------------------+-------+-------++-------
Melee: Flail             |    73 |    60 ||   133
       Headbutt          |    11 |     7 ||    18
  Use: Scroll            |     2 |       ||     2
  Eat: Chunk             |     1 |     3 ||     4
Armor: Scale mail        |    24 |    17 ||    41
Dodge: Dodged            |    26 |     8 ||    34
Block: Shield            |    38 |    30 ||    68

Table legend:
 A = Spawn XP
 B = Non-spawn XP
 C = Spawn XP percentage of total XP
 D = Spawn monster count
 E = Non-spawn monster count
 F = Spawn count percentage of total count
 G = Total turns spent on level
                    A         B        C        D         E        F      G
               +---------+---------+-------+---------+---------+-------+---------
         Total |       0 |     158 |   0.0 |       0 |      56 |   0.0 |  2215
               +---------+---------+-------+---------+---------+-------+---------
           D:1 |       0 |      44 |   0.0 |       0 |      24 |   0.0 |   849
           D:2 |       0 |      98 |   0.0 |       0 |      29 |   0.0 |  1201
           D:3 |       0 |      16 |   0.0 |       0 |       3 |   0.0 |   165
               +---------+---------+-------+---------+---------+-------+---------
